Unix NetHack Version 5.0.0-0 post-release - last build May  4 2026 22:22:43 (774f63e81ad911689b3a0859ea89b322d5daca8d,branch:main).

Game began 2026-05-06 13:07:02, ended 2026-05-06 13:26:07.

Barrb, neutral female human Barbarian

                       -------
                       |.....|
       ---             |.....|          ----------
      --d--           #-.....-######### |........|
     --.:g--    #######-------        # |........|
     |GF@.r-#####                     ##|........|
     --n..--                           #|.......>.
      --.--                            #.........|
       ---                              ------+---

Barrb the Bandit           St:18 Dx:16 Co:17 In:8 Wi:9 Ch:7  Neutral
Dlvl:5  $:45 HP:0(67) Pw:18(18) AC:6  Xp:6 T:1562 

Latest messages:
 You miss the dingo.
 The dingo bites!
 The dingo bites!
 You smite the dingo!
 The dingo bites!
 The wererat hits!
 You smite the dingo!
 The dingo bites!
 The wererat hits!
 The dingo bites!
 You miss the dingo.
 The dingo bites!
 The wererat hits!
 You kill the dingo!
 The wererat changes into a rat.
 The wererat bites!
 You kill the wererat!
 You see here a dingo corpse.
 There is a dingo corpse here; eat it? [ynq] (n) y
 This dingo corpse is stringy.
 You finish eating the dingo corpse.
 You find a hidden door.
 You find a hidden door.
 The door opens.
 You see here 7 gold pieces.
 $ - 7 gold pieces (41 in total).
 You hear a door open.
 The door opens.
 The door opens.
 $ - 4 gold pieces (45 in total).
 The statue comes to life!
 You miss the gargoyle.
 You miss the gargoyle.
 The gargoyle hits!
 The gargoyle hits again!
 The gargoyle bites!
 You smite the gargoyle!
 The gargoyle hits!
 The gargoyle hits again!
 The gargoyle bites!
 You smite the gargoyle!
 The gargoyle hits!
 The gargoyle hits again!
 The gargoyle bites!
 You miss the gargoyle.
 The gargoyle hits!
 The gargoyle hits again!
 The gargoyle bites!
 You die...
 Do you want your possessions identified? [ynq] (y) q

Inventory:
 Coins    ('$')
  $ - 45 gold pieces
 Weapons  (')')
  q - 7 +0 darts
  a - a +0 battle-axe (weapon in hands)
  b - a +0 short sword (alternate weapon; not wielded)
 Armor    ('[')
  t - an uncursed +0 orcish helm (being worn)
  c - an uncursed +0 ring mail (being worn)
 Comestibles  ('%')
  x - an uncursed cram ration
  v - an uncursed food ration
  j - 2 uncursed fortune cookies
 Scrolls  ('?')
  n - a cursed scroll of charging
  h - an uncursed scroll of create monster
  f - an uncursed scroll of enchant armor
  r - an uncursed scroll of identify
  i - a cursed scroll of taming
  o - an uncursed scroll of teleportation
 Potions  ('!')
  p - a blessed potion of confusion
  g - 2 uncursed potions of healing
  k - 2 cursed potions of healing
  s - an uncursed potion of monster detection
  l - an uncursed potion of speed
 Wands    ('/')
  e - a wand of create monster (0:14)
  w - a wand of opening (0:5)
 Tools    ('(')
  u - an uncursed lock pick
 Gems/Stones  ('*')
  m - 2 uncursed worthless pieces of yellowish brown glass

Barrb the Barbarian's attributes:

Background:
 You were a Bandit, a level 6 female human Barbarian.
 You were neutral, nominally on a mission for Crom
 who was opposed by Mitra (lawful) and Set (chaotic).
 You were right-handed.
 You were in the Dungeons of Doom, on level 5.
 You entered the dungeon 1562 turns ago.
 You had 537 experience points, 103 more were needed to attain level 7.

Basics:
 You had 0 out of 67 hit points.
 You had all 18 energy points (spell power).
 Your armor class was 6.
 Your wallet contained 45 zorkmids.
 Autopickup was off.

Final Characteristics:
 Your strength was 18 (limit:18/100).
 Your dexterity was 16 (limit:18).
 Your constitution was 17 (limit:18).
 Your intelligence was 8 (limit:18).
 Your wisdom was 9 (limit:18).
 Your charisma was 7 (limit:18).

Final Status:
 You weren't hungry.
 You were unencumbered.
 You were wielding an axe.
 You had basic skill with axe.

Final Attributes:
 You were devoutly aligned.
 You were poison resistant.
 You were warded.
 You are dead.

Miscellaneous:
 You didn't encounter any bones levels.
 Total elapsed playing time was 19 minutes and 4 seconds.

Major events:
 Turn
    1: Barrb the neutral female human Barbarian entered the dungeon
  209: attained the rank of Pillager (level 3)
  311: attained the rank of Bandit (level 6)
 1308: entered the Gnomish Mines
 1562: killed by a gargoyle

You didn't know any spells.

Skills:
 Fighting Skills
   bare handed combat [Basic]
   two weapon combat  [Unskilled]
   riding             [Unskilled]
 Weapon Skills
   dagger             [Unskilled]
   axe                [Basic]
   pick-axe           [Unskilled]
   short sword        [Basic]
   broadsword         [Unskilled]
   long sword         [Unskilled]
   two-handed sword   [Unskilled]
   saber              [Unskilled]
   club               [Unskilled]
   mace               [Unskilled]
   morning star       [Unskilled]
   flail              [Unskilled]
   hammer             [Unskilled]
   quarterstaff       [Unskilled]
   spear              [Unskilled]
   trident            [Unskilled]
   bow                [Unskilled]
 Spellcasting Skills
   attack spells      [Unskilled]
   escape spells      [Unskilled]

Voluntary challenges:
 Character rerolling was not enabled.
 You were an atheist.
 You were illiterate.
 You never genocided any monsters.
 You never polymorphed an object.
 You never changed form.
 You used no wishes.
Achievements:
 You attained the rank of Pillager.
 You attained the rank of Bandit.
 You entered the Gnomish Mines.

 The Dungeons of Doom: levels 1 to 5
    Level 1:
       A grave.
    Level 2:
       A sink.
    Level 3:
       Many fountains.
       Stairs down to The Gnomish Mines.
    Level 4:
    Level 5: <- You were here.
       Final resting place for
          you, killed by a gargoyle.
 The Gnomish Mines:
    Level 4:


Vanquished creatures:
  a ghost
  a dingo
  a gnome mummy
  a rock mole
 16 fog clouds
  a wererat
  a werejackal
  a hobbit
  a hobgoblin
  2 giant rats
  2 cave spiders
  2 brown molds
  3 geckos
  a kobold
  a goblin
  2 grid bugs
  3 lichens
  4 newts
44 creatures vanquished.

No species were genocided or became extinct.

Game over:
                       ----------
                      /          \
                     /    REST    \
                    /      IN      \
                   /     PEACE      \
                  /                  \
                  |      Barrb       |
                  |      45 Au       |
                  |   killed by a    |
                  |     gargoyle     |
                  |                  |
                  |                  |
                  |       2026       |
                 *|     *  *  *      | *
        _________)/\\_//(\/(/\)/\//\/|_)_______

Goodbye Barrb the Barbarian...

You died in The Dungeons of Doom on dungeon level 5 with 2399 points,
and 45 pieces of gold, after 1562 moves.
You were level 6 with a maximum of 67 hit points when you died.

